 Dungeon Crawl Stone Soup version 0.28.0-45-g0d030f2227 (webtiles) character file.

Game seed: 6936416172742764912

64349 Nuninul the Devastator (level 14, -8/82 HPs)
             Began as a Deep Elf Conjurer on Apr 7, 2022.
             Was a High Priest of Sif Muna.
             Killed from afar by an eleionoma (42 damage)
             ... with a spray of wooden splinters
             ... on level 2 of the Swamp.
             The game lasted 04:42:43 (28183 turns).

Nuninul the Devastator (Deep Elf Conjurer)         Turns: 28183, Time: 04:42:44

Health: -8/82      AC: 11    Str:  4    XL:     14   Next: 71%
Magic:  16/43      EV: 15    Int: 32    God:    Sif Muna [*****.]
Gold:   1623       SH:  0    Dex: 13    Spells: 5/41 levels left

rFire   . . .      SeeInvis .   a - staff of conjuration
rCold   + . .      Faith    +   (no shield)
rNeg    . . .      Spirit   .   h - +2 robe {rC+}
rPois   +          Reflect  .   O - +1 helmet {Int+3}
rElec   .          Harm     .   D - +1 cloak
rCorr   .          Rampage  .   L - +2 pair of gloves
Will    +....                   (no boots)
Stlth   ++........              U - amulet of faith
HPRegen 0.23/turn               p - ring of poison resistance
MPRegen 0.28/turn               H - ring of magical power

@: slowed, very slow
A: no striking features
a: Renounce Religion, Channel Magic, Forget Spell, Divine Exegesis


You were on level 2 of the Swamp.
You worshipped Sif Muna.
Sif Muna was extremely pleased with you.
You visited 5 branches of the dungeon, and saw 21 of its levels.

You collected 2263 gold pieces.
You spent 640 gold pieces at shops.

Inventory:

Hand Weapons
 c - the +4 flail "Killer Klown's Curse" {pain, rElec Stlth+}
   (You found it on level 4 of the Lair of Beasts)

   In the hands of one skilled in necromantic magic, it inflicts extra damage on
   living creatures.
   rElec:     It insulates you from electricity.
   Stlth:     It makes you more stealthy.
 y - a +0 demon trident
 Q - a +4 flail of holy wrath
Armour
 h - a +2 robe of cold resistance (worn)
 D - a +1 cloak (worn)
 L - a +2 pair of gloves (worn)
 N - the +1 robe of Vines {NoPotionHeal Regen++++}
   (You found it on level 8 of the Dungeon)

   Its wearer cannot be healed by potions.
   Regen:     It increases your rate of health regeneration.
 O - a +1 helmet of intelligence (worn)
Magical Staves
 a - a staff of conjuration (weapon)
 t - a staff of cold
Jewellery
 e - a ring of resist corrosion
 l - a ring of fire
 m - a +6 ring of intelligence
 p - a ring of poison resistance (left hand)
 w - a ring of willpower
 H - a ring of magical power (right hand)
 R - a ring of protection from cold
 T - a +4 ring of evasion
 U - an amulet of faith (around neck)
Wands
 f - a wand of mindburst (8)
 x - a wand of paralysis (30)
 I - a wand of polymorph (11)
 K - a wand of acid (11)
 V - a wand of flame (32)
Scrolls
 b - 2 scrolls of brand weapon
 i - 3 scrolls of amnesia
 k - a scroll of enchant weapon
 o - 4 scrolls of fog
 s - 2 scrolls of identify
 z - a scroll of holy word {unknown}
 A - a scroll of magic mapping {unknown}
 E - a scroll of immolation {unknown}
 G - 2 scrolls of fear
 J - a scroll of blinking {unknown}
 P - a scroll of acquirement {unknown}
 S - 2 scrolls of teleportation
 W - a scroll of enchant armour
 Z - 2 scrolls of vulnerability
Potions
 g - a potion of ambrosia {unknown}
 j - 5 potions of brilliance
 n - 5 potions of berserk rage
 q - a potion of resistance {unknown}
 r - a potion of invisibility
 u - a potion of haste
 v - a potion of mutation {unknown}
 B - 3 potions of magic
 C - 3 potions of flight
 F - 4 potions of attraction
 M - 3 potions of heal wounds
 X - 3 potions of curing
 Y - a potion of might {unknown}
Miscellaneous
 d - a phantom mirror


   Skills:
 - Level 7.0 Fighting
 - Level 7.2 Dodging
 - Level 3.0 Stealth
 - Level 14.3 Spellcasting
 - Level 19.0 Conjurations
 - Level 6.0 Hexes
 - Level 10.0 Summonings
 - Level 7.0 Translocations
 + Level 7.0 Invocations


You had 5 spell levels left.
You knew the following spells:

 Your Spells              Type           Power      Damage    Failure   Level
h - Magic Dart            Conj           100%       1d8       0%          1
j - Searing Ray           Conj           100%       2d8       0%          2
k - Orb of Destruction    Conj           60%        9d15      1%          7
l - Fireball              Conj/Fire      45%        3d18      1%          5
m - Passage of Golubria   Tloc           61%        N/A       1%          4
n - Fulminant Prism       Conj/Hex       50%        3d23      1%          4
p - Passwall              Tmut/Erth      18%        N/A       3%          2
s - Spellforged Servitor  Conj/Summ      54%        N/A       4%          7
w - Iskenderun's Mystic   Conj/Tloc      100%       2d19      1%          4

Your spell library contained the following spells:

 Spells                   Type           Power      Damage    Failure   Level
 Sandblast                Erth           44%        2d11      1%          1
 Summon Small Mammal      Summ           100%       N/A       1%          1
 Blink                    Tloc           100%       N/A       1%          2
 Static Discharge         Conj/Air       90%        N/A       1%          2
 Call Canine Familiar     Summ           72%        N/A       1%          3
 Conjure Flame            Conj/Fire      90%        6-21      1%          3
 Dazzling Flash           Conj/Hex       100%       N/A       1%          3
 Gell's Gravitas          Tloc           61%        N/A       1%          3
 Stone Arrow              Conj/Erth      100%       3d13      1%          3
 Summon Guardian Golem    Hex/Summ       65%        N/A       1%          3
 Tukima's Dance           Hex            57%        N/A       1%          3
 Hailstorm                Conj/Ice       90%        3d18      1%          4
 Sticky Flame             Conj/Fire      90%        2d10      1%          4
 Summon Ice Beast         Ice/Summ       53%        N/A       2%          4
 Summon Lightning Spire   Summ/Air       53%        N/A       2%          4
 Manifold Assault         Tloc           61%        N/A       3%          5
 Freezing Cloud           Conj/Ice/Air   38%        6-21      4%          5
 Anguish                  Hex/Necr       21%        N/A       5%          4
 Frozen Ramparts          Ice            44%        1d6       6%          3
 Ignite Poison            Fire/Tmut/Pois 22%        N/A       6%          3
 Silence                  Hex/Air        21%        N/A       16%         5
 Dispel Undead            Necr           22%        3d12      19%         4
 Ice Form                 Ice/Tmut       22%        N/A       19%         4
 Monstrous Menagerie      Summ           36%        N/A       26%         7
 Summon Hydra             Summ           36%        N/A       26%         7
 Enfeeble                 Hex            28%        N/A       80%         7
 Summon Horrible Things   Summ           36%        N/A       91%         8
 Lehudib's Crystal Spear  Conj/Erth      45%        10d11     95%         8
 Simulacrum               Ice/Necr       11%        N/A       96%         6
 Disjunction              Tloc           30%        N/A       100%        8


Dungeon Overview and Level Annotations

Branches:
Dungeon (11/15)            Temple (1/1) D:6            Lair (5/6) D:9
  Swamp (2/4) Lair:2       Spider (0/4) Lair:4        Slime (0/5) Lair:5
    Orc (2/2) D:9             Elf (0/3) Orc:2

Altars:
Ashenzari
Cheibriados
Dithmenos
Elyvilon
Fedhas
Gozag
Hepliaklqana
Kikubaaqudgha
Makhleb
Nemelex Xobeh
Okawaru
Qazlal
Ru
Sif Muna
Trog
Uskayaw
Vehumet
Wu Jian
Xom
Yredelemnul
Zin
The Shining One
Beogh

Shops:
D:8 *   Orc:2 =(:(


Message History

Sif Muna accepts your kill.
The blast of energy engulfs the bunyip!!
You kill the bunyip!
Sif Muna accepts your kill.
You hear a deafening roar!
You hear a shout!
No danger in sight...
You climb upwards.
Welcome back to the Lair of Beasts!
There is a staircase to the Swamp here.
You start resting.
Magic restored. 28200 turns You climb downwards.
Welcome back to the Swamp!
This branch is noisy: sounds don't travel as far here.
This branch contains the decaying rune of Zot.
There is a staircase back to the Lair here.
A swamp dragon comes into view. !
Aim: a swamp dragon (wandering, hasn't noticed you)
Okay, then.
No danger in sight...
The swamp dragon roars deafeningly!
You hear a shout!
A swamp worm comes into view. !
Aim: a swamp dragon
Okay, then.
Aim: a swamp dragon You feel a surge of power!
The swamp dragon breathes poison at you.
A spriggan rider comes into view.
It is wielding a +0 spear and quivering curare-tipped darts.
Aim: a swamp worm You feel a surge of power!
The orb of destruction hits the swamp dragon!!!!
You blow up the swamp dragon!
Sif Muna accepts your kill.
The spriggan rider throws a curare-tipped dart.
The curare-tipped dart completely misses you.
The swamp worm fires a harpoon shot at you.
The harpoon shot hits you!
You are yanked forward by the harpoon shot.
Splash!
You fall into the shallow water.
Moving in this stuff is going to be slow. 2 spriggan riders and an eleionoma come into view.
The spriggan rider moves out of view.
The spriggan rider shouts!
You hear a shout!
The spriggan rider throws a curare-tipped dart.
The curare-tipped dart hits you.
The orb of destruction hits the swamp worm!!!
You blow up the swamp worm!
Sif Muna accepts your kill.
Your Invocations skill increases to level 7!
Aim: a spriggan rider, wielding a +0 spear and quivering curare-tipped darts
Okay, then.
Adjust (i)tems, (s)pells, or (a)bilities?
Adjust which spell?
Okay, then.
Unknown command.
Aim: a spriggan rider, wielding a +0 spear and quivering curare-tipped darts
Okay, then.
You feel a surge of power!
The fireball explodes!
The fireball engulfs the spriggan rider!!
The spriggan rider is moderately wounded.
The fireball engulfs the spriggan rider!
The spriggan rider is lightly wounded.
The spriggan rider hits you from afar with a +0 spear!
A goliath frog comes into view.
The eleionoma flows through the trees.
The spriggan rider throws a curare-tipped dart.
The curare-tipped dart hits you.
You have difficulty breathing.
You feel yourself slow down.
The spriggan rider is engulfed in a cloud of scalding steam. x2
The eleionoma is engulfed in poison gas.
The eleionoma is poisoned.
There is a stone staircase leading down here.
Okay, then.
Okay, then.
Okay, then.
The spriggan rider completely misses you.
The spriggan rider is engulfed in a cloud of scalding steam.
The spriggan rider barely misses you.
The spriggan rider is engulfed in a cloud of scalding steam.
The eleionoma hits you.
The spriggan rider hits you from afar with a +0 spear!
You climb downwards.
Found 42 gold pieces.
There is a stone staircase leading up here.
You feel a surge of power!
You erupt in a blast of force!
The mystic blast hits the eleionoma!
The eleionoma is moderately wounded.
The eleionoma is knocked back by the mystic blast.
The eleionoma looks more healthy.
Aim: an eleionoma (moderately wounded)
You feel a surge of power!
The orb of destruction hits the eleionoma!!!
The eleionoma is almost dead.
The eleionoma hurls a spray of splinters at you.
The spray of wooden splinters hits you!!!
Ouch! That really hurt!
You die...

..♣.≈≈≈.♣♣
§..≈≈≈≈≈.♣♣
≈..≈≈≈≈≈≈.♣
≈.≈≈≈≈≈≈≈.
♣≈≈≈≈≈≈R.♣
♣≈..≈≈≈○.
....≈≈≈☼♣
≈≈≈.≈≈≈@♣
≈≈≈.≈≈≈≈.♣
≈≈≈..≈≈≈.≈.
♣♣..♣≈.≈..≈≈.
≈..
..≈≈$.≈§≈.♣ .$
≈≈≈...≈≈≈≈≈♣ ♣
.≈≈≈≈.≈≈≈≈≈≈≈
♣♣≈≈≈..≈≈≈≈.♣♣


You could see an eleionoma.

Vanquished Creatures
  A bunyip (Swamp:1)
  Fannar (D:11)
  The ghost of spica the Severer, a journeyman HOBe of Trog (Orc:1)
  The ghost of jaiteiro the Cleaver, a journeyman MiBe of Trog (D:10)
  Erolcha (Orc:2)
  11 hydras
  A boulder beetle (Lair:3)
  9 two-headed ogres
  An alligator (Swamp:1)
  3 death yaks (Lair:4)
  9 orc high priests (Orc:2)
  An orb spider (Lair:4)
  A swamp dragon (Swamp:1)
  Pikel (D:8)
  7 oklob plants
  An orc knight (D:10)
  An orc sorcerer (Orc:2)
  A moth of wrath (D:10)
  9 elephants (Lair:4)
  A torpor snail (Lair:2)
  4 black mambas
  A gargoyle (D:10)
  10 cane toads
  Psyche (D:8)
  A rime drake (Lair:2)
  5 komodo dragons
  7 trolls
  A hornet (D:10)
  3 tyrant leeches
  2 dream sheep (Lair:2)
  11 blink frogs
  3 shadows
  2 wyverns
  2 basilisks
  A wraith (D:7)
  A steam dragon (D:8)
  37 yaks
  Menkaure (D:6)
  9 wargs
  A swamp worm (Swamp:1)
  13 water moccasins
  A nameless horror (D:11)
  A floating eye (Lair:2)
  2 black bears
  2 ice beasts (D:7)
  A necrophage (D:4)
  12 orc warriors
  A sky beast (D:5)
  7 ogres
  21 wolves
  2 centaurs
  2 phantoms (D:6)
  2 kobold brigands
  14 bullfrogs
  2 scorpions
  16 killer bees (D:10)
  5 wights
  An electric eel (D:11)
  4 howler monkeys
  10 centaur zombies
  4 hounds
  2 centaur skeletons
  31 orc priests
  3 jellies
  A bullfrog skeleton (D:6)
  An iron imp (D:6)
  16 orc wizards
  12 hell rats (Lair:1)
  Robin (D:3)
  A howler monkey zombie (D:10)
  6 adders
  7 river rats (Lair:1)
  3 white imps
  2 worms
  4 dart slugs
  73 orcs
  6 ball pythons
  4 endoplasms
  3 giant cockroaches
  14 goblins
  5 hobgoblins
  2 quokkas
  13 bats
  3 frilled lizards
  3 goblin skeletons
  18 kobolds
  2 kobold skeletons
  2 kobold zombies (D:6)
  An orc zombie (D:6)
  A quokka skeleton (D:4)
  15 rats
  A spectral goblin (D:1)
  A bush (Lair:1)
545 creatures vanquished.

Vanquished Creatures (collateral kills)
  A boulder beetle (D:10)
  Nergalle (D:11)
  An acid dragon (D:11)
  An orc warrior (D:10)
4 creatures vanquished.

Vanquished Creatures (others)
  An orc wizard (Orc:2)
  260 fulminant prisms
  31 fungi
  74 plants
366 creatures vanquished.

Grand Total: 915 creatures vanquished

Notes
Turn   | Place    | Note
-------+----------+-------------------------------------------
     0 | D:1      | Nuninul the Deep Elf Conjurer began the quest for the Orb.
     0 | D:1      | Reached XP level 1. HP: 10/10 MP: 6/6
   237 | D:1      | Reached XP level 2. HP: 15/15 MP: 6/8
   242 | D:1      | Learned a level 2 spell: Searing Ray
   244 | D:1      | Reached skill level 5 in Conjurations
   387 | D:1      | Found a faded altar of an unknown god.
   710 | D:1      | Reached XP level 3. HP: 19/19 MP: 7/10
   714 | D:1      | Learned a level 3 spell: Dazzling Flash
  1211 | D:2      | Reached skill level 1 in Hexes
  2033 | D:3      | Reached XP level 4. HP: 24/24 MP: 4/12
  2040 | D:2      | Learned a level 4 spell: Fulminant Prism
  2133 | D:3      | Found a white marble altar of Elyvilon.
  2187 | D:3      | Noticed Robin
  2808 | D:3      | Killed Robin
  2980 | D:4      | Reached XP level 5. HP: 28/28 MP: 4/13
  3075 | D:4      | Reached skill level 5 in Hexes
  3237 | D:4      | Reached skill level 1 in Fighting
  3669 | D:4      | Noticed an ogre
  3712 | D:4      | Killed an ogre
  3713 | D:4      | Reached skill level 6 in Conjurations
  3713 | D:4      | Reached XP level 6. HP: 35/35 MP: 8/14
  3924 | D:4      | Found a shimmering blue altar of Sif Muna.
  4129 | D:4      | Became a worshipper of Sif Muna the Loreminder
  4433 | D:4      | Reached skill level 5 in Spellcasting
  4866 | D:3      | Reached XP level 7. HP: 40/40 MP: 12/16
  4942 | D:5      | Entered Level 5 of the Dungeon
  5425 | D:5      | Found a shimmering altar of Xom.
  5863 | D:5      | Reached skill level 7 in Conjurations
  6355 | D:5      | Reached skill level 8 in Conjurations
  6360 | D:5      | Learned a level 4 spell: Iskenderun's Mystic Blast
  6414 | D:5      | Found a shadowy altar of Dithmenos.
  6546 | D:5      | Reached XP level 8. HP: 46/46 MP: 9/17
  6709 | D:5      | Found a shimmering altar of Xom.
  6935 | D:5      | Found a shadowy altar of Dithmenos.
  7123 | D:5      | Reached * piety under Sif Muna
  7437 | D:6      | Found a glowing golden altar of the Shining One.
  7658 | D:6      | Reached skill level 5 in Translocations
  7880 | D:6      | Found a staircase to the Ecumenical Temple.
  7910 | Temple   | Entered the Ecumenical Temple
  7969 | D:6      | Found a burning altar of Makhleb.
  8163 | D:6      | Noticed Menkaure
  8300 | D:7      | Reached XP level 9. HP: 52/52 MP: 6/20
  8528 | D:7      | Reached skill level 1 in Invocations
  8813 | D:7      | Reached skill level 9 in Conjurations
  8974 | D:7      | Reached ** piety under Sif Muna
 10284 | D:6      | Killed Menkaure
 10290 | D:6      | Found a glowing golden altar of the Shining One.
 10342 | D:6      | Found a staircase to the Ecumenical Temple.
 10778 | D:6      | Found a burning altar of Makhleb.
 11307 | D:8      | Noticed a six-headed hydra
 11316 | D:8      | Killed a six-headed hydra
 11317 | D:8      | Reached skill level 10 in Conjurations
 11350 | D:8      | Noticed a troll
 11355 | D:8      | Noticed Psyche
 11357 | D:8      | Killed a troll
 11358 | D:8      | Reached XP level 10. HP: 56/56 MP: 15/24
 11360 | D:8      | Killed Psyche
 11361 | D:8      | Reached skill level 11 in Conjurations
 11376 | D:8      | Noticed Pikel
 11468 | D:8      | Killed Pikel
 11469 | D:8      | Reached skill level 5 in Fighting
 11656 | D:8      | Found the +1 robe of Vines {NoPotionHeal Regen++++}
 11997 | D:8      | Found Xihekag's Fire Supplies.
 12405 | D:8      | Found Xihekag's Fire Supplies.
 12776 | D:9      | Found a staircase to the Lair.
 12846 | D:9      | Reached skill level 5 in Invocations
 13158 | D:9      | Found a staircase to the Orcish Mines.
 13314 | D:9      | Found a bloodstained altar of Trog.
 13403 | Lair:1   | Entered Level 1 of the Lair of Beasts
 13486 | Lair:1   | Noticed a black mamba
 13643 | Lair:1   | Killed a black mamba
 13644 | Lair:1   | Reached skill level 12 in Conjurations
 13654 | Lair:1   | Noticed a cane toad
 13661 | Lair:1   | Noticed a cane toad
 13663 | Lair:1   | Killed a cane toad
 13666 | Lair:1   | Killed a cane toad
 13667 | Lair:1   | Reached skill level 5 in Dodging
 13925 | Lair:1   | Reached XP level 11. HP: 63/63 MP: 17/26
 13935 | Lair:1   | Noticed a four-headed hydra
 13955 | Lair:1   | Killed a four-headed hydra
 14108 | Lair:1   | Reached *** piety under Sif Muna
 14696 | Lair:2   | Noticed an oklob plant
 14808 | Lair:2   | Found a staircase to the Swamp.
 15042 | Lair:2   | Noticed an oklob plant
 15554 | Lair:2   | Reached skill level 13 in Conjurations
 15747 | Lair:2   | Found a sparkling altar of Nemelex Xobeh.
 16136 | Lair:2   | Noticed an oklob plant
 16191 | Lair:2   | Noticed an oklob plant
 16206 | Lair:2   | Killed an oklob plant
 16207 | Lair:2   | Reached skill level 10 in Spellcasting
 16305 | Lair:2   | Killed an oklob plant
 16397 | Lair:2   | Killed an oklob plant
 16434 | Lair:2   | Killed an oklob plant
 16527 | Lair:3   | Reached skill level 14 in Conjurations
 16884 | Lair:3   | Reached XP level 12. HP: 69/70 MP: 15/29
 16966 | Lair:3   | Reached **** piety under Sif Muna
 17087 | Lair:3   | Noticed a boulder beetle
 17101 | Lair:3   | Killed a boulder beetle
 17387 | Lair:3   | Noticed a five-headed hydra
 17413 | Lair:3   | Killed a five-headed hydra
 17414 | Lair:3   | Reached skill level 15 in Conjurations
 17495 | Lair:3   | Noticed a seven-headed hydra
 17509 | Lair:3   | Killed a seven-headed hydra
 18055 | Lair:4   | Noticed a death yak
 18055 | Lair:4   | Noticed a death yak
 18057 | Lair:4   | Noticed a death yak
 18065 | Lair:4   | Killed a death yak
 18065 | Lair:4   | Killed a death yak
 18067 | Lair:4   | Killed a death yak
 18226 | Lair:4   | Learned a level 4 spell: Passage of Golubria
 18289 | Lair:4   | Reached skill level 16 in Conjurations
 18550 | Lair:4   | Reached skill level 17 in Conjurations
 18630 | Lair:4   | Identified the +4 flail "Killer Klown's Curse" {pain, rElec
                  | Stlth+}
 18820 | Lair:4   | Identified the +1 leather armour "Haokajali" {*Corrode
                  | Dex+6}
 18879 | Lair:4   | Reached XP level 13. HP: 74/74 MP: 26/31
 19047 | Lair:4   | Found a hole to the Spider Nest.
 20424 | Lair:5   | Reached ***** piety under Sif Muna
 20485 | Lair:5   | Received a gift from Sif Muna
 20500 | Lair:5   | Learned a level 7 spell: Orb of Destruction
 20516 | Lair:5   | Learned a level 2 spell: Passwall
 20580 | Lair:5   | Learned a level 7 spell: Spellforged Servitor
 20596 | Lair:5   | Reached skill level 1 in Summonings
 20616 | Lair:5   | Found a staircase to the Slime Pits.
 21283 | Orc:1    | Entered Level 1 of the Orcish Mines
 21459 | Orc:1    | Found a transporter.
 21484 | Orc:1    | Found a transporter.
 21485 | Orc:1    | Noticed spica's ghost (journeyman HOBe)
 21490 | Orc:1    | Identified the +10 great mace of the Destroying Badger
                  | {freeze, Dex+3}
 21490 | Orc:1    | Identified the +7 dire flail of Megalomania {vorpal, Dex+4}
 21642 | Orc:1    | Reached skill level 5 in Summonings
 21896 | Orc:1    | Killed spica's ghost
 22270 | Orc:2    | Entered Level 2 of the Orcish Mines
 22903 | Orc:2    | Received a gift from Sif Muna
 23103 | Orc:2    | Reached XP level 14. HP: 82/82 MP: 29/34
 23588 | Orc:2    | Got Sif Muna's Incunabulum of Snow and Summoning {god gift}
 23657 | Orc:2    | Reached skill level 18 in Conjurations
 23828 | Orc:2    | Noticed Erolcha
 24142 | Orc:2    | Found a burning altar of Makhleb.
 24642 | Orc:2    | Found a staircase to the Elven Halls.
 24861 | Orc:2    | Found Doykuq's Book Shoppe.
 24861 | Orc:2    | Found Sulepaip's Antique Weapon Boutique.
 24897 | Orc:2    | Killed Erolcha
 25028 | Orc:2    | Found Olouck's Jewellery Shoppe.
 25028 | Orc:2    | Found Isoinong's Weapon Boutique.
 25227 | Orc:2    | Bought an amulet of faith for 640 gold pieces
 25319 | D:10     | Entered Level 10 of the Dungeon
 25324 | D:10     | Found a glowing silver altar of Zin.
 25326 | D:10     | Found a sparkling altar of Nemelex Xobeh.
 25384 | D:10     | Found a transporter.
 25392 | D:10     | Noticed jaiteiro's ghost (journeyman MiBe)
 25406 | D:10     | Found a transporter.
 25561 | D:10     | Found a runed translucent door.
 25565 | D:10     | Found a basalt altar of Yredelemnul.
 25633 | D:10     | Got Ethrim's Grimoire of Glacial Heat
 25640 | D:10     | Learned a level 5 spell: Fireball
 25967 | D:10     | Found a broken altar of Ashenzari.
 26044 | D:10     | Received a gift from Sif Muna
 26045 | D:10     | Got Sif Muna's Almanac of Supportive Translocation {god
                  | gift}
 26299 | D:10     | Reached skill level 10 in Summonings
 26718 | D:10     | Killed jaiteiro's ghost
 27501 | D:11     | Noticed Nergalle
 27517 | D:11     | Killed Nergalle
 27546 | D:11     | Noticed Fannar
 27555 | D:11     | Killed Fannar
 27556 | D:11     | Reached skill level 19 in Conjurations
 28046 | Swamp:1  | Entered Level 1 of the Swamp
 28183 | Swamp:2  | Killed from afar by an eleionoma

Illustrated notes

Levels and vault maps discovered:
D:1:      minmay_arrival_hallway, layout_basic,
          dreamdust_ecumenical_altar_drowned_temple,
          chequers_serial_rivers_small_a, kennysheep_small_spiral, st_stairs_9,
          minmay_quantized
D:2:      layout_basic
D:3:      layout_rooms, mainiacjoe_overflow_alcove_1, hex_medium, uniq_robin
D:4:      layout_basic, mainiacjoe_overflow_paths
D:5:      layout_rooms, kennysheep_mini_moat, mainiacjoe_overflow_cross_hatched,
          patterned_corridor
D:6:      layout_loops_ring, nicolae_tso_besieged_by_evil, bloody_makhleb,
          minmay_temple_entry_proselytizer, uniq_menkaure
D:7:      layout_basic
D:8:      layout_cave_pools, nicolae_shop_fire_sale [nicolae_sub_dead_trees],
          hellmonk_guarded_unrand_vines, uniq_psyche, uniq_pikel
D:9:      layout_roguey, general_overflow_altar, dpeg_oklobed_lair, orc_0_dummy
D:10:     layout_long_grid, mainiacjoe_overflow_catwalk_spiral, kennysheep_mini,
          dk_yredelemnul_ordeal, gammafunk_ghost_berserking_beasts,
          kennysheep_minor_cross, chequers_decorated_corner, roderic_batcave,
          kennysheep_kite_vault
D:11:     layout_roguey, serial_bayou, serial_bayou_pond_e, serial_bayou_pond_a,
          serial_bayou_shore_b, serial_bayou_pond_e, uniq_nergalle, uniq_fannar
Temple:   minmay_freezing_vapour_temple
Lair:1:   layout_cave_shapes, serial_forest, infiniplex_forest_join,
          infiniplex_forest_straight_3, infiniplex_forest_3_way,
          infiniplex_forest_end_2, wad_woods_road_01, kennysheep_abandoned_house
Lair:2:   layout_cave_pods, minmay_swamp_entry_worms, basic_altar,
          nicolae_quartered_pool_impasse, disabler_island, grunt_megastairs_4
Lair:3:   layout_cellular_growth
Lair:4:   layout_cave_pods, nicolae_spider_entry_orb_guardian
Lair:5:   layout_hall_layers, minmay_slime_entry_oklob_enclosed
Swamp:1:  layout_falls_marsh, evilmike_swamp_ruin_house_1
Swamp:2:  layout_basic_swamp, evilmike_swamp_ruin_house_3, swamp_pool4
Orc:1:    layout_caves, gammafunk_ghost_smash
Orc:2:    st_orc_town, layout_caves, basic_altar, uniq_erolcha

Skill      XL: |  1  2  3  4  5  6  7  8  9 10 11 12 13 14 |
---------------+-------------------------------------------+-----
Conjurations   | 5 6 8 10 12 14 17 19 | 19.0
Spellcasting   | 4 5 6 8 9 11 12 14 | 14.3
Hexes          | 3 4 5 6 |  6.0
Fighting       | 2 3 4 5 6 7 |  7.0
Translocations | 2 6 7 |  7.0
Dodging        | 3 5 7 |  7.2
Stealth        | 3 |  3.0
Invocations    | 4 6 7 |  7.0
Summonings     | 8 10 | 10.0

Action                   |  1- 3 |  4- 6 |  7- 9 | 10-12 | 13-15 || total
-------------------------+-------+-------+-------+-------+-------++-------
Melee: Dagger            |       |     6 |     6 |     1 |       ||    13
       Falchion          |       |       |       |    11 |       ||    11
       Staff             |       |       |       |       |    12 ||    12
 Fire: Hunting sling     |       |     3 |       |       |       ||     3
       Shortbow          |       |       |       |     2 |       ||     2
 Cast: Magic Dart        |    72 |    80 |   100 |    76 |   103 ||   431
       Searing Ray       |     6 |    14 |    17 |    30 |    50 ||   117
       Dazzling Flash    |       |     5 |     9 |       |       ||    14
       Fulminant Prism   |       |       |    49 |   140 |    71 ||   260
       Iskenderun's Myst |       |       |     1 |    27 |    43 ||    71
       Orb of Destructio |       |       |       |       |    72 ||    72
       Passage of Golubr |       |       |       |       |    56 ||    56
       Fireball          |       |       |       |       |     8 ||     8
       Spellforged Servi |       |       |       |       |     3 ||     3
  Use: Scroll            |     1 |     2 |     2 |     6 |     8 ||    19
       Potion            |       |       |     1 |       |     1 ||     2
Armor: Robe              |       |     4 |    11 |     5 |    24 ||    44
Dodge: Dodged            |     4 |    13 |    35 |    43 |    96 ||   191
